 Dungeon Sprint DCSS version 0.30-a0-177-g1cb5dbfd7a (webtiles) character file.

Game seed: 2673968404258744335

850 mhtbhm the Basher (level 8, -5/60 HPs)
             Began as a Gargoyle Berserker on Oct 2, 2022.
             Was a Priest of Trog.
             Slain by a boulder beetle (15 damage)
             ... in the Dungeon (Sprint II: "The Violet Keep of Menkaure").
             The game lasted 00:01:14 (904 turns).

mhtbhm the Basher (Gargoyle Berserker)               Turns: 904, Time: 00:01:14

Health: -5/60      AC:  8    Str: 23    XL:     8   Next: 1%
Magic:  8/8        EV: 13    Int:  8    God:    Trog [***...]
Gold:   729        SH:  0    Dex:  9    Spells: 7/7 levels left

rFire   . . .      SeeInvis .    a - +0 mace
rCold   . . .      Faith    .    (no shield)
rNeg    + . .      Spirit   .    b - +0 animal skin
rPois   ∞          Reflect  .    (no helmet)
rElec   +          Harm     .    (no cloak)
rCorr   .          Rampage  .    (no gloves)
Will    .....      NoTele   +    (no boots)
Stlth   +.........               (no amulet)
HPRegen 0.30/turn                (no ring)
MPRegen 0.11/turn                (no ring)

@: on berserk cooldown, hasted and slowed
A: sickness immunity, AC +5, negative energy resistance 1, electricity
resistance, torment resistance 1, petrification resistance
a: Renounce Religion, Berserk, Trog's Hand


You were in the Dungeon.
You worshipped Trog.
Trog was most pleased with you.
You visited 1 branch You collected 729 gold pieces.

Inventory:

Hand Weapons
 a - a +0 mace (weapon)
Armour
 b - a +0 animal skin (worn)
Scrolls
 h - a scroll of blinking
Potions
 c - a potion of curing
 f - 2 potions of magic
 g - a potion of berserk rage


   Skills:
 + Level 11.5 Fighting
 + Level 11.7 Maces & Flails
 + Level 5.7 Armour
 + Level 5.1 Dodging


You had 7 spell levels left.
You didn't know any spells.
Your spell library was empty.

Dungeon Overview and Level Annotations

Branches:
Dungeon (1/1)

Altars:


Innate Abilities, Weirdness & Mutations

You are immune to sickness and miasma.
Your stone body is resilient. (AC +5)
You are immune to poison.
You resist negative energy. (rN+)
You are resistant to electric shocks. (rElec)
You are resistant to unholy torment.
You are immune to petrification.


Message History

The boulder beetle bites you but does no damage.
Unknown command.
Unknown command.
You feel much better.
The boulder beetle leaps!
You aren't carrying any items that you can evoke.
Unknown command.
You feel yourself speed up.
The boulder beetle completely misses you.
You hit the boulder beetle.
The boulder beetle is almost dead.
The boulder beetle barely misses you.
You hit the boulder beetle but do no damage.
The boulder beetle is almost dead.
You hit the boulder beetle but do no damage.
The boulder beetle is almost dead.
The boulder beetle closely misses you.
You barely miss the boulder beetle.
The boulder beetle is almost dead.
The boulder beetle bites you.
You hit the boulder beetle.
The boulder beetle is almost dead.
The boulder beetle bites you!!
* * * LOW HITPOINT WARNING * * *
You hit the boulder beetle but do no damage.
The boulder beetle is almost dead.
The boulder beetle bites you but does no damage.
You hit the boulder beetle but do no damage.
The boulder beetle is almost dead.
Unknown command.
You hit the boulder beetle but do no damage.
The boulder beetle is almost dead.
The boulder beetle bites you.
* * * LOW HITPOINT WARNING * * *
You hit the boulder beetle but do no damage.
The boulder beetle is almost dead.
The boulder beetle misses you.
You barely miss the boulder beetle.
The boulder beetle is almost dead.
The boulder beetle bites you!
You die...

##+## ##.#.##
#..#..# ###
#B#####
##.###@###.##
#.#.##.##...#
+###○.<.')#.+
#.#.##.##...#
##B###+###.##
### .#B ###
.○ .. ##$ .##
## ##


You could see a boulder beetle.

Vanquished Creatures
  A merfolk siren (D)
  2 wyverns (D)
  4 scorpions (D)
7 creatures vanquished.

Notes
Turn   | Place    | Note
-------+----------+-------------------------------------------
     0 | D        | mhtbhm the Gargoyle Berserker began the quest for the Orb.
     0 | D        | Reached XP level 1. HP: 14/14 MP: 1/1
     1 | D        | Noticed a scorpion
     1 | D        | Noticed a scorpion
     1 | D        | Noticed a scorpion
     1 | D        | Noticed a scorpion
    10 | D        | Killed a scorpion
    11 | D        | Reached skill level 5 in Maces & Flails
    11 | D        | Reached XP level 2. HP: 19/22 MP: 2/2
    11 | D        | Reached XP level 3. HP: 23/27 MP: 3/3
    11 | D        | Reached XP level 4. HP: 28/32 MP: 4/4
    13 | D        | Killed a scorpion
    14 | D        | Reached XP level 5. HP: 27/38 MP: 5/5
    26 | D        | Reached ** piety under Trog
    34 | D        | Reached XP level 6. HP: 9/45 MP: 6/6
   164 | D        | Noticed a wyvern
   164 | D        | Noticed a wyvern
   174 | D        | Killed a wyvern
   175 | D        | Reached skill level 5 in Armour
   179 | D        | Killed a wyvern
   180 | D        | Reached skill level 10 in Fighting
   180 | D        | Reached skill level 10 in Maces & Flails
   180 | D        | Reached XP level 7. HP: 14/53 MP: 7/7
   328 | D        | Noticed a merfolk siren
   343 | D        | Killed a merfolk siren
   343 | D        | Reached *** piety under Trog
   344 | D        | Reached skill level 5 in Dodging
   344 | D        | Reached XP level 8. HP: 12/60 MP: 8/8
   508 | D        | Noticed a boulder beetle
   508 | D        | Noticed a boulder beetle
   904 | D        | Slain by a boulder beetle

Illustrated notes

Levels and vault maps discovered:
D:        the_violet_keep_of_menkaure [sprint2_stairs_cluster_1,
          sprint2_shoproom, sprint2_temple, sprint2_basic_supplies,
          sprint2_obstacle_2, sprint2_obstacle_5, sprint2_obstacle_3,
          sprint2_obstacle_1, sprint2_obstacle_7, sprint2_timed_cluster_1,
          sprint2_smallroom_cluster_1, sprint2_smallroom_final_cluster_1,
          sprint2_transparent_cluster_1, sprint2_second_timed_cluster_1,
          sprint2_sniper_area_1, sprint2_heavy_combat_area_1,
          sprint2_mutation_trap_area_1, sprint2_forest_area_1,
          sprint2_light_combat_area_1, sprint2_behind_water_1,
          sprint2_near_end_vault_1]

Skill      XL: |  1  2  3  4  5  6  7 |
---------------+----------------------+-----
Fighting       | 6 7 8 10 11 | 11.5
Maces & Flails | 5 6 8 10 11 | 11.7
Armour         | 3 4 5 |  5.7
Dodging        | 2 3 4 5 |  5.1

Action                   |  1- 3 |  4- 6 |  7- 9 || total
-------------------------+-------+-------+-------++-------
Melee: Mace              |     8 |    37 |    54 ||    99
Invok: Berserk           |     1 |     1 |     3 ||     5
  Use: Potion            |       |       |     2 ||     2
Armor: Animal skin       |     1 |     8 |     3 ||    12
Dodge: Dodged            |     2 |    17 |    10 ||    29

Table legend: (Time is in decaauts)
 A = Elapsed time spent in this place.
 B = Non-inter-level travel time spent in this place.
 C = Inter-level travel time spent in this place.
 D = Time resting spent in this place.
 E = Time spent auto-exploring this place.
 F = Levels seen in this place.
 G = Mean time per level.
                   A        B        C        D        E       F      G
               +--------+--------+--------+--------+--------+-----+--------+
         Total |    918 |    918 |      0 |    757 |      0 |   1 |  918.0 |
       Dungeon |    918 |    918 |      0 |    757 |      0 |   1 |  918.0 |
               +--------+--------+--------+--------+--------+-----+--------+

Top non-repeatable levels by time:
       D: 918 daAuts
